 Dungeon Crawl Stone Soup version 0.18.1-50-g88ac8fd (webtiles) character file.

15837 magog001 the Blocker (level 12, -15/162 HPs)
             Began as a Minotaur Fighter on June 28, 2019.
             Was a High Priest of Nemelex Xobeh.
             Killed from afar by an ice statue (54 damage)
             ... with a bolt of cold
             ... in an ice cave on July 2, 2019.
             The game lasted 01:22:21 (11387 turns).

magog001 the Blocker (Minotaur Fighter)            Turns: 11387, Time: 01:22:22

Health: -15/162    AC: 19    Str: 30    XL:     12   Next: 4%
Magic:  11/11      EV: 16    Int:  5    God:    Nemelex Xobeh [*****.]
Gold:   136        SH: 14    Dex: 11    Spells: 0 memorised, 11 levels left

rFire  + + +     SeeInvis +     a - +1 war axe (chop)
rCold  x . .     Gourm    .     L - +0 fire dragon armour of Broken Taboos {rF++ rC- MR+ Regen+ SInv}
rNeg   . . .     Faith    .     c - +0 shield
rPois  .         Spirit   .     (helmet restricted)
rElec  .         Dismiss  .     e - +2 cloak
rCorr  .         Reflect  .     w - +1 pair of gloves
SustAt .         Harm     .     h - +0 pair of boots
MR     +....                    q - amulet of regeneration
Stlth  ..........               z - ring of protection from fire
                                M - +4 ring of evasion

@: berserking, very quick, somewhat resistant to hostile enchantments, extremely
unstealthy
A: retaliatory headbutt, horns 2
a: Triple Draw, Deal Four, Stack Five, Renounce Religion


You were in an ice cave.
You worshipped Nemelex Xobeh.
Nemelex Xobeh was extremely pleased with you.
You were not hungry.

You visited 2 branches of the dungeon, and saw 12 of its levels.
You also visited: Sewer, Bailey, Ice Cave and Volcano.

You collected 1070 gold pieces.
You spent 934 gold pieces at shops.

Inventory:

Hand Weapons
 a - a +1 war axe of chopping (weapon)
 j - a +0 hunting sling
 O - a +0 great mace of crushing
Missiles
 g - 37 sling bullets
 v - 8 tomahawks (quivered)
 K - 23 tomahawks of returning
Armour
 c - a +0 shield (worn)
 e - a +2 cloak (worn)
 h - a +0 pair of boots (worn)
 w - a +1 pair of gloves (worn)
 L - the +0 fire dragon armour of Broken Taboos (worn) {rF++ rC- MR+ Regen+ SInv}
   (You took it off a kobold in a bailey)

   It greatly protects you from fire.
   It makes you vulnerable to cold.
   It affects your resistance to hostile enchantments.
   It lets you see invisible.
   It increases your rate of regeneration.
Jewellery
 i - a +2 ring of dexterity
 q - an amulet of regeneration (around neck)
 z - a ring of protection from fire (right hand)
 M - a +4 ring of evasion (left hand)
Wands
 n - a wand of flame (15/48)
 o - a wand of digging (3/24)
 Q - a wand of acid (7/15)
 R - a wand of paralysis (13/24)
Scrolls
 m - 4 scrolls of fear
 s - 4 scrolls of remove curse
 u - 2 scrolls of fog
 y - 4 scrolls of identify
 G - 2 scrolls of summoning
 N - 2 scrolls of teleportation
Potions
 d - 2 potions of might
 l - 5 potions of curing
 r - 3 potions of cure mutation
 A - 4 potions of brilliance
 E - 2 potions of agility
 T - a potion of heal wounds {unknown}
 U - a potion of beneficial mutation {unknown}
 V - 2 potions of haste
 X - 3 potions of flight
Miscellaneous
 p - a plain deck of war
 t - a plain deck of war
 x - a plain deck of destruction
 B - a plain deck of war
 C - an ornate deck of war
 D - an ornate deck of war
 F - a legendary deck of destruction
 H - a legendary deck of changes
 I - a plain deck of destruction
 J - a plain deck of war
 P - a legendary deck of war
 S - a plain deck of destruction
 W - a legendary deck of war {drawn: 2}
Comestibles
 f - 4 bread rations
 k - 8 meat rations


   Skills:
 + Level 10.9 Fighting
 + Level 12.0 Axes
 + Level 2.2 Slings
 + Level 10.1 Armour
 + Level 6.9 Dodging
 + Level 1.1 Stealth
 + Level 12.4 Shields
 + Level 1.0 Evocations


You had 11 spell levels left.
You didn't know any spells.

Dungeon Overview and Level Annotations

Branches:
Dungeon (9/15)               Lair (3/8) D:9
 Temple: D:4-7        Swamp: Lair:3-6    Shoals: Lair:3-6     Snake: Lair:3-6
 Spider: Lair:3-6       Orc: D:9-12

Altars:
Cheibriados
Kikubaaqudgha
Nemelex Xobeh
Pakellas
Ru

Shops:
D:4 }   D:9 %(![(

Annotations:
IceCv exclusion: ice statue


Innate Abilities, Weirdness & Mutations

You reflexively headbutt those who attack you in melee.
You have a pair of horns on your head.


Message History

You feel yourself moving faster!
You feel mighty!
You are engulfed in freezing vapours.
The ice beast misses you. You furiously retaliate!
You headbutt the ice beast! You block the ice beast's attack.
The ice statue gestures at you. The bolt of cold misses you.
The bolt of cold misses the ice beast.
You hit the ice statue.
You headbutt the ice statue, but do no damage.
The ice statue is moderately damaged.
You slash the ice beast!
The ice beast is heavily wounded.
You slice the ice beast!!
You kill the ice beast!
You are engulfed in freezing vapours.
* * * LOW HITPOINT WARNING * * *
The ice beast hits you but does no damage.
The ice statue gestures at you. The bolt of cold hits you!
You feel a terrible chill!
You die...
Your body glows with a rainbow of weird colours and disappears.

###.## #..# #..##
#...## ##...## ###
#....## ##§# #.....#
####
#8.###....####..##
##@§.###....##....#
##§Y.§.##.......#.†.
#§§§..§##......###..
#.§##§....#...###
##. #.# #........##
## #.. ##........#
#. #.......## #.
##.....## #....##


You could see an ice statue and an ice beast.

Vanquished Creatures
  The ghost of PeterLawrence the Fighter, a novice MiFi of Okawaru (D:8)
  2 deep elf magi (Volcano)
  2 spiny frogs
  A two-headed ogre (Volcano)
  7 polar bears
  20 yaks
  A wyvern (D:9)
  A vampire (D:9)
  2 steam dragons (D:9)
  A hog (Volcano)
  2 fire bats (Volcano)
  3 hippogriffs
  2 hungry ghosts
  A basilisk (Lair:2)
  2 hell hounds (D:9)
  3 porcupines
  4 water moccasins
  A sky beast (D:6)
  2 ice beasts (D:8)
  2 phantoms (D:9)
  Purgy (Sewer)
  7 orc warriors
  2 wasps
  2 black bears (D:6)
  5 ogres
  8 wolves
  A necrophage (D:8)
  3 centaurs
  2 crocodiles
  A big kobold (D:5)
  11 giant frogs
  A gnoll sergeant (D:9)
  2 scorpions
  A water moccasin skeleton (D:8)
  3 killer bees
  4 wights (D:7)
  8 howler monkeys
  A centaur zombie (D:8)
  A crimson imp (D:7)
  A wyvern simulacrum (D:8)
  A centaur skeleton (D:9)
  6 orc priests
  8 hounds
  5 iguanas
  14 orc wizards
  5 worker ants
  A hound skeleton (D:6)
  6 gnolls
  11 adders
  17 river rats
  7 white imps
  A worker ant simulacrum (D:8)
  2 ufetubi (D:8)
  An ooze (D:2)
  3 worms
  2 dart slugs
  5 giant geckos
  28 orcs
  2 giant cockroaches
  5 goblins
  2 hobgoblins
  15 jackals
  34 kobolds
  3 quokkas
  3 ball pythons
  4 bats (D:2)
  7 giant newts
  7 rats
  3 fungi
  2 plants (D:5)
335 creatures vanquished.

Vanquished Creatures (collateral kills)
  A hydra (Lair:3)
  A komodo dragon (Lair:3)
  A crocodile (Lair:3)
  8 white imps (Lair:3)
11 creatures vanquished.

Vanquished Creatures (others)
  A deep elf mage (Volcano)
  A human (D:8)
  A fungus (D:9)
  A plant (D:5)
4 creatures vanquished.

Grand Total: 350 creatures vanquished

Notes
Turn   | Place    | Note
--------------------------------------------------------------
     0 | D:1      | magog001 the Minotaur Fighter began the quest for the Orb.
     0 | D:1      | Reached XP level 1. HP: 19/19 MP: 0/0
   158 | D:1      | Reached XP level 2. HP: 18/27 MP: 1/1
   584 | D:2      | Reached XP level 3. HP: 28/33 MP: 2/2
   612 | D:2      | Reached skill level 1 in Dodging
   775 | D:2      | Found a sparkling altar of Nemelex Xobeh.
   783 | D:2      | Became a worshipper of Nemelex Xobeh the Trickster
   814 | D:2      | Received a gift from Nemelex Xobeh
   865 | D:2      | Reached XP level 4. HP: 35/40 MP: 3/3
  1509 | D:3      | Found a glowing drain.
  1514 | Sewer    | Entered a sewer
  1551 | Sewer    | Noticed Purgy
  1564 | Sewer    | Killed Purgy
  1564 | Sewer    | Reached skill level 5 in Shields
  1564 | Sewer    | Reached XP level 5. HP: 25/47 MP: 4/4
  2228 | D:4      | Reached * piety under Nemelex Xobeh
  2308 | D:4      | Found Hyagh's Gadget Shop.
  2503 | D:4      | Received a gift from Nemelex Xobeh
  2535 | D:4      | Reached XP level 6. HP: 45/53 MP: 5/5
  2659 | D:4      | Reached skill level 5 in Armour
  2762 | D:4      | Found a sacrificial altar of Ru.
  2762 | D:4      | Found a snail-covered altar of Cheibriados.
  3073 | D:5      | Entered Level 5 of the Dungeon
  3080 | D:5      | Reached skill level 5 in Fighting
  3144 | D:5      | Reached XP level 7. HP: 52/61 MP: 6/6
  3706 | D:5      | Reached ** piety under Nemelex Xobeh
  3709 | D:5      | Reached skill level 5 in Axes
  3905 | D:6      | Received a gift from Nemelex Xobeh
  4443 | D:6      | Reached XP level 8. HP: 70/70 MP: 7/7
  4556 | D:6      | Found an oddly glowing altar of Pakellas.
  4628 | D:6      | Received a gift from Nemelex Xobeh
  5734 | D:7      | Reached XP level 9. HP: 63/79 MP: 8/8
  5760 | D:7      | Found an ancient bone altar of Kikubaaqudgha.
  6085 | D:4      | Bought a legendary deck of changes for 364 gold pieces
  6164 | D:7      | Received a gift from Nemelex Xobeh
  6281 | D:7      | Reached *** piety under Nemelex Xobeh
  6406 | D:7      | Received a gift from Nemelex Xobeh
  6721 | D:8      | Noticed PeterLawrence's ghost (novice MiFi)
  6761 | D:8      | Killed PeterLawrence's ghost
  6768 | D:8      | Reached skill level 1 in Stealth
  7092 | D:8      | Noticed a polar bear
  7110 | D:8      | Killed a polar bear
  7113 | D:8      | Reached XP level 10. HP: 49/89 MP: 9/9
  7117 | D:8      | Reached skill level 10 in Shields
  7188 | D:8      | Found an ancient bone altar of Kikubaaqudgha.
  7795 | D:9      | Received a gift from Nemelex Xobeh
  7823 | D:9      | Found Xarul's Antique Armour Emporium.
  7857 | D:9      | Found Paisk's Antique Weapon Emporium.
  8020 | D:9      | Found Opevy's Distillery.
  8032 | D:9      | Found a flagged portal.
  8042 | Bailey   | Entered a bailey
  8230 | Bailey   | Reached skill level 1 in Slings
  8241 | Bailey   | Got a heavily runed fire dragon armour
  8244 | Bailey   | Found a bloodstained altar of Trog.
  8393 | D:9      | Reached skill level 10 in Axes
  8512 | D:9      | Identified the cursed +0 fire dragon armour of Broken Taboos {rF++ rC- MR+ Regen+ SInv} (You took it off a kobold in a bailey)
  8565 | D:9      | Reached **** piety under Nemelex Xobeh
  8593 | D:9      | Bought 2 potions of curing for 78 gold pieces
  8593 | D:9      | Bought a potion of might for 52 gold pieces
  8593 | D:9      | Bought 2 potions of curing for 78 gold pieces
  8613 | D:9      | Found a staircase to the Lair.
  8647 | D:9      | Reached XP level 11. HP: 89/97 MP: 10/10
  8778 | D:9      | Found Kaaletzo's Food Emporium.
  9048 | D:9      | Found Laitodd's Weapon Emporium.
  9059 | D:9      | Bought a +0 war axe of flaming for 116 gold pieces
  9134 | D:9      | Bought a glowing war axe for 66 gold pieces
  9261 | D:9      | Bought a meat ration for 60 gold pieces
  9261 | D:9      | Bought a meat ration for 60 gold pieces
  9261 | D:9      | Bought a meat ration for 60 gold pieces
  9378 | Lair:1   | Entered Level 1 of the Lair of Beasts
  9402 | Lair:1   | Reached skill level 5 in Dodging
  9415 | Lair:1   | Found a dark tunnel.
  9422 | Volcano  | Entered a volcano
  9433 | Volcano  | Noticed a deep elf mage
  9441 | Volcano  | Reached skill level 10 in Fighting
  9456 | Volcano  | Killed a deep elf mage
  9484 | Volcano  | Noticed a deep elf mage
  9493 | Volcano  | Killed a deep elf mage
  9566 | Volcano  | Noticed a deep elf mage
  9579 | Volcano  | Killed a deep elf mage
  9688 | Lair:1   | Received a gift from Nemelex Xobeh
 10025 | Lair:1   | Received a gift from Nemelex Xobeh
 10386 | Lair:2   | Received a gift from Nemelex Xobeh
 10484 | Lair:2   | Reached ***** piety under Nemelex Xobeh
 10514 | Lair:2   | Received a gift from Nemelex Xobeh
 10791 | Lair:2   | Received a gift from Nemelex Xobeh
 11047 | Lair:3   | Noticed a six-headed hydra
 11056 | Lair:3   | Killed a nine-headed hydra
 11079 | Lair:3   | Found a frozen archway.
 11092 | IceCv    | Entered an ice cave
 11101 | IceCv    | Reached skill level 1 in Evocations
 11111 | IceCv    | Reached skill level 10 in Armour
 11142 | IceCv    | Reached XP level 12. HP: 77/108 MP: 11/11
 11387 | IceCv    | Killed from afar by an ice statue

Skill      XL: |  1  2  3  4  5  6  7  8  9 10 11 12 |
---------------+-------------------------------------+-----
Fighting       | 4 5 7 8 9 10 | 10.9
Shields        | 4 5 6 7 8 9 11 12 | 12.4
Armour         | 4 5 6 8 9 10 | 10.1
Dodging        | 1 2 3 4 6 |  6.9
Axes           | 3 4 5 7 8 10 11 12 | 12.0
Stealth        | 1 |  1.1
Slings         | 2 |  2.2
Evocations     | 1 |  1.0

Action                   |  1- 3 |  4- 6 |  7- 9 | 10-12 || total
-------------------------+-------+-------+-------+-------++-------
Melee: War axe           |    67 |   143 |   364 |   545 ||  1119
       Headbutt          |     7 |    21 |    68 |   126 ||   222
 Fire: Hunting sling     |       |       |       |    25 ||    25
Evoke: Wand              |       |       |     5 |     2 ||     7
       Deck              |       |       |       |     2 ||     2
  Use: Scroll            |       |     8 |     8 |    16 ||    32
       Potion            |       |     2 |    10 |     8 ||    20
  Eat: Chunk             |       |     2 |     8 |     1 ||    11
       Beef jerky        |       |     1 |       |       ||     1
       Bread ration      |       |     1 |     3 |     2 ||     6
       Meat ration       |       |       |     1 |     1 ||     2
       Fruit             |       |       |       |     4 ||     4
       Pizza             |       |       |       |     1 ||     1
Armor: Scale mail        |    19 |       |       |       ||    19
       Chain mail        |    12 |    87 |    47 |       ||   146
       Skin              |       |       |     7 |       ||     7
       Plate armour      |       |       |   180 |   146 ||   326
       Fire dragon armou |       |       |       |   154 ||   154
Dodge: Dodged            |    22 |    43 |    95 |   328 ||   488
Block: Shield            |    55 |    90 |   252 |   452 ||   849
